 Dungeon Crawl Stone Soup version 0.28-a0-1387-g3a22ab9bdc (webtiles) character file.

Game seed: 12249275057489828048

42 ragingrage the Charlatan (level 3, -2/22 HPs)
             Began as a Gargoyle Artificer on Jan 3, 2022.
             Slain by a hobgoblin (4 damage)
             ... on level 2 of the Dungeon.
             The game lasted 00:02:37 (1985 turns).

ragingrage the Charlatan (Gargoyle Artificer)       Turns: 1985, Time: 00:02:38

Health: -2/22      AC:  6    Str: 17    XL:     3   Next: 54%
Magic:  3/3        EV: 11    Int: 11    God:
Gold:   90         SH:  0    Dex: 10    Spells: 2/2 levels left

rFire   . . .      SeeInvis .   a - +0 club
rCold   . . .      Faith    +   (no shield)
rNeg    + . .      Spirit   .   b - +0 leather armour
rPois   ∞          Reflect  .   (no helmet)
rElec   +          Harm     .   (no cloak)
rCorr   .          Rampage  .   (no gloves)
Will    .....                   (no boots)
Stlth   +.........              f - amulet of faith
HPRegen 0.07/turn               (no ring)
MPRegen 0.08/turn               (no ring)

@: no status effects
A: sickness immunity, AC +3, negative energy resistance 1, electricity
resistance, torment resistance 1, petrification resistance
a: no special abilities


You were on level 2 of the Dungeon.
You visited 1 branch of the dungeon, and saw 2 of its levels.

You collected 90 gold pieces.

Inventory:

Hand Weapons
 a - a +0 club (weapon)
Armour
 b - a +0 leather armour (worn)
Jewellery
 f - an amulet of faith (around neck)
Wands
 c - a wand of flame (15) (quivered)
 d - a wand of charming (15)
Scrolls
 g - a scroll of blinking {unknown}
 h - a scroll of immolation {unknown}
 i - 2 scrolls of enchant armour {unknown}
 k - a scroll of fog {unknown}
Potions
 j - 2 potions of haste {unknown}
 l - a potion of berserk rage {unknown}
 m - a potion of heal wounds {unknown}
Miscellaneous
 e - a piece from Xom's chessboard (15/15)


   Skills:
 + Level 2.6 Fighting
 - Level 2.1 Armour
 - Level 0.7 Dodging
 - Level 1.1 Stealth
 + Level 3.4 Evocations


You had 2 spell levels left.
You didn't know any spells.
Your spell library contained the following spells:

 Spells                   Type           Power      Damage    Failure   Level
 Summon Small Mammal      Summ           0%         N/A       38%         1
 Blink                    Tloc           0%         N/A       54%         2
 Static Discharge         Conj/Air       0%         N/A       54%         2
 Call Canine Familiar     Summ           0%         N/A       77%         3
 Lesser Beckoning         Tloc           0%         N/A       77%         3
 Ozocubu's Armour         Ice            0%         N/A       77%         3
 Portal Projectile        Hex/Tloc       0%         N/A       77%         3
 Summon Guardian Golem    Hex/Summ       0%         N/A       77%         3
 Dispel Undead            Necr           0%         3d6       99%         4
 Sticky Flame             Conj/Fire      0%         2d3       99%         4
 Blade Hands              Tmut           0%         N/A       100%        5
 Excruciating Wounds      Necr           0%         N/A       100%        5
 Manifold Assault         Tloc           0%         N/A       100%        5
 Metabolic Englaciation   Hex/Ice        0%         N/A       100%        5
 Simulacrum               Ice/Necr       0%         N/A       100%        6


Dungeon Overview and Level Annotations

Branches:
Dungeon (2/15)

Altars:
Uskayaw


Innate Abilities, Weirdness & Mutations

You are immune to sickness and miasma.
Your stone body is resilient. (AC +3)
You are immune to poison.
You resist negative energy. (rN+)
You are resistant to electric shocks. (rElec)
You are resistant to unholy torment.
You are immune to petrification.


Message History

You closely miss the goblin. The goblin hits you but does no damage.
The goblin hits you with a +2 dagger of speed.
Press: ? - help, v - describe, . - travel
Here: a goblin, wielding a +2 dagger of speed The floor.
You hit the goblin.
The goblin is heavily wounded.
The goblin hits you but does no damage.
The goblin hits you with a +2 dagger of speed.
You closely miss the goblin.
The goblin is heavily wounded.
An adder comes into view.
The goblin hits you with a +2 dagger of speed.
The goblin barely misses you.
The adder hisses angrily.
You hit the goblin.
The goblin is severely wounded.
The goblin hits you with a +2 dagger of speed.
A hobgoblin comes into view.
The goblin hits you but does no damage.
You hit the goblin.
You kill the goblin!
The bat misses you.
A ball python comes into view.
The bat hits you but does no damage. The kobold closely misses you.
You see here a +2 dagger of speed.
The ball python hisses angrily.
You hit the kobold.
The kobold is severely wounded.
The adder bites you. The kobold hits you but does no damage.
The hobgoblin hits you.
* * * LOW HITPOINT WARNING * * *
The adder bites you but does no damage.
You closely miss the kobold.
The kobold is severely wounded.
The kobold barely misses you. The hobgoblin hits you.
* * * LOW HITPOINT WARNING * * *
The adder closely misses you. The kobold barely misses you.
The hobgoblin hits you.
You die...

#.##.##.#
####
#.##.##.##
# #........
#
#.##.##.#.
....
#.......#.#
.###
#.##....# #
#.# .#..#.#
#.##S.S....
#..@Kb.#
####g#.#
..# .# ...
.# #.# .#
.. #. .


You could see an adder, a hobgoblin, a bat, a ball python and a kobold.

Vanquished Creatures
  A dart slug (D:1)
  4 endoplasms
  4 giant cockroaches (D:1)
  4 goblins
  5 hobgoblins
  3 kobolds
  2 quokkas (D:2)
  4 ball pythons (D:1)
  3 bats
  2 frilled lizards
  2 rats
34 creatures vanquished.

Notes
Turn   | Place    | Note
-------+----------+-------------------------------------------
     0 | D:1      | ragingrage the Gargoyle Artificer began the quest for the
                  | Orb.
     0 | D:1      | Reached XP level 1. HP: 12/12 MP: 1/1
   240 | D:1      | Reached XP level 2. HP: 14/17 MP: 2/2
   346 | D:1      | Reached skill level 3 in Evocations
   482 | D:1      | Found a faded altar of an unknown god.
   847 | D:1      | Reached XP level 3. HP: 2/22 MP: 3/3
  1522 | D:2      | Found a hide-covered altar of Uskayaw.
  1985 | D:2      | Slain by a hobgoblin

Illustrated notes

Levels and vault maps discovered:
D:1:      heliophobic_arrival_ceremonial_halls, layout_loops_cross,
          dreamdust_ecumenical_altar_grove
D:2:      layout_loops_cross, basic_altar, minmay_hexomino_p4

Skill      XL: |  1  2 |
---------------+-------+-----
Evocations     | 3 |  3.4
Fighting       | 2 |  2.6
Armour         | |  2.1
Dodging        | |  0.7
Stealth        | |  1.1

Action                   || total
-------------------------++-------
Melee: Club              ||   169
 Stab: Sleeping          ||     2
Armor: Leather armour    ||   100
Dodge: Dodged            ||   120

Table legend: (Time is in decaauts)
 A = Elapsed time spent in this place.
 B = Non-inter-level travel time spent in this place.
 C = Inter-level travel time spent in this place.
 D = Time resting spent in this place.
 E = Time spent auto-exploring this place.
 F = Levels seen in this place.
 G = Mean time per level.
                   A        B        C        D        E       F      G
               +--------+--------+--------+--------+--------+-----+--------+
         Total |   2035 |   2019 |     16 |    708 |    960 |   2 | 1017.5 |
       Dungeon |   2035 |   2019 |     16 |    708 |    960 |   2 | 1017.5 |
               +--------+--------+--------+--------+--------+-----+--------+

Top non-repeatable levels by time:
     D:1: 1313 daAuts
     D:2: 721 daAuts
